 Dungeon Crawl Stone Soup version 0.14-a0-1653-g0ad7a2c (webtiles) character file.

112 Egregious the Chopper (level 4, -3/35 HPs)
             Began as a Demonspawn Chaos Knight on Dec 28, 2013.
             Was a Plaything of Xom.
             Engulfed by a cloud of flame (9 damage)
             ... on Level 2 of the Dungeon.
             The game lasted 00:12:47 (2851 turns).

Egregious the Chopper (Demonspawn Chaos Knight)     Turns: 2851, Time: 00:12:47

HP  -3/35        AC  6     Str 12      XL: 4   Next: 25%
MP   0/4         EV 10     Int 14      God: Xom
Gold 27          SH  0     Dex 13      Spells:  0 memorised,  3 levels left

rFire  . . .     SeeInvis .       - Unarmed
rCold  . . .     Clarity  .     b - +3 leather armour
rNeg   . . .     Conserve .     (no shield)
rPois  .         rCorr    .     (no helmet)
rElec  .         rRot     .     (no cloak)
SustAb . .       Spirit   +     (no gloves)
rMut   .         Warding  .     (no boots)
Saprov . . .     Stasis   .     (no amulet)
                                (no ring)
                                (no ring)

@: mildly poisoned, slightly resistant to hostile enchantments, very unstealthy
A: claws 2, magic shield
a: Renounce Religion


You were on level 2 of the Dungeon.
You worshipped Xom.
You were a special plaything of Xom.
You were not hungry.

You visited 1 branch of the dungeon, and saw 2 of its levels.

You collected 27 gold pieces.

Inventory:

Hand weapons
 a - a +0,+0 hand axe of chaos
Missiles
 m - 20 stones (quivered)
Armour
 b - a +3 leather armour (worn)
Comestibles
 c - a bread ration
 d - 2 meat rations
 h - a chunk of hobgoblin flesh
 j - a chunk of bat flesh
 l - a royal jelly
Scrolls
 g - a scroll of remove curse {unknown}
Potions
 e - a potion of magic
 f - a potion of heal wounds
 i - a potion of mutation {unknown}


   Skills:
 - Level 3.0 Fighting
 - Level 3.2 Axes
 - Level 1.7 Armour
 - Level 0.8 Dodging
 * Level 3.1 Unarmed Combat


You had 3 spell levels left.
You didn't know any spells.

Dungeon Overview and Level Annotations

Branches:
Dungeon (2/16)

Altars:


Innate Abilities, Weirdness & Mutations

You have very sharp fingernails.
When hurt, damage is shared between your health and your magic reserves.


Message History

Your Unarmed Combat skill increases to level 3!
You feel sick.
Your leather armour prevents you from hitting the kobold.
The kobold closely misses you.
You closely miss the kobold. You hit the kobold.
The kobold begins to bleed from its wounds!
The kobold is moderately wounded. "Burn, baby, burn!"
The kobold is filled with an inner flame.
You are now a special plaything of Xom.
The kobold hits you but does no damage.
There is an open door here.
You claw the kobold!
The kobold explodes!
The fiery explosion engulfs you!
Ouch! That really hurt!
* * * LOW HITPOINT WARNING * * *
You are engulfed in roaring flames.
You die...

....... ###############
....... #.............#
.......
#.......%.....###........
#.............#.'........
#...........).#%#........
#............§#§#..K....
#............§§§#####'##
#...........)@### #
############'## #......#
.# ###.####### .
#.........# .##
#.........# ..#
#...bbb...# #.#
#..b......# #.#
#.....b...##########.####.


There were no monsters in sight!

Vanquished Creatures
  A gnoll (D:2)
  3 adders (D:2)
  A worm (D:2)
  An ooze (D:1)
  An orc (D:2)
  5 bats
  2 giant cockroaches (D:2)
  4 goblins
  5 hobgoblins
  11 kobolds
  A giant gecko (D:2)
  2 giant newts
  6 rats
43 creatures vanquished.

Notes
Turn   | Place    | Note
--------------------------------------------------------------
     0 | D:1      | Egregious, the Demonspawn Chaos Knight, began the quest for the Orb.
     0 | D:1      | Reached XP level 1. HP: 18/18 MP: 1/1
   170 | D:1      | Gained mutation: You have sharp fingernails. [demonic ancestry]
   170 | D:1      | Reached XP level 2. HP: 24/24 MP: 2/2
   712 | D:1      | XOM: medium Necr miscast
  1010 | D:1      | Reached skill level 1 in Unarmed Combat
  1011 | D:1      | XOM: harmless Pois miscast
  1381 | D:2      | XOM: potion effect (might)
  1385 | D:2      | Gained mutation: You have very sharp fingernails. [demonic ancestry]
  1385 | D:2      | Reached XP level 3. HP: 24/29 MP: 3/3
  1500 | D:2      | XOM: harmless Fire miscast
  1575 | D:2      | XOM: harmless Pois miscast
  1828 | D:2      | XOM: medium Tloc miscast
  2022 | D:2      | XOM: mild Divn miscast
  2419 | D:2      | Gained mutation: When hurt, damage is shared between your health and your magic reserves. [demonic ancestry]
  2419 | D:2      | Reached XP level 4. HP: 9/35 MP: 4/4
  2462 | D:2      | XOM: scenery: 2 doors open
  2532 | D:2      | XOM: mild Fire miscast
  2695 | D:2      | XOM: cast spell 'Beastly Appendage'
  2800 | D:2      | XOM: cast spell 'Summon Butterflies'
  2848 | D:2      | XOM: inner flame monster(s)
  2851 | D:2      | Engulfed by a cloud of flame

Action                   |  1- 3 |  4- 6 || total
-------------------------+-------+-------++-------
Melee: Hand axe          |    24 |       ||    24
       Unarmed           |    94 |    31 ||   125
  Use: Scroll            |     7 |       ||     7
